Unix NetHack Version 3.7.0-95 Work-in-progress - last build Jan 2 2024 07:50:30 (6a0ccc5fa2390e420dd2d488a2f9488d2ae3a63b,branch:master). Game began 2024-01-03 22:42:44, ended 2024-01-03 23:05:31. misanthrope, lawful male human Samurai ------ -------- |....| ------ |......| ----------- |.....# |....| |......| |.[[.[[[[)| |....| ##-....-## |.>....| #-.[[)[)[[[| |....| # |....| ## |......| #|.[[[[[[)[| |....| # |....| ####.......| 0##|.[[[[)[)[| |....-###### ----.- ---|---- # @|)[[[[[.[[| ----.- ### ## # ###----------- # ## # ## ###0 # ## # # # # ####################### ### ##### # # #### --.-----------# # #### # # #### |...)........-############# # #### ## # |............|# # # # ----|----## # |............|# # ########## # |........## ##....<........|# ----.- ------|-# |...(...|## |............|####.....| #-.^%...|# |........# -------------- |.....####|.*....-# --------- ------ -------- Misanthrope the Ronin St:13 Dx:15 Co:18 In:13 Wi:9 Ch:7 Lawful Dlvl:2 $:22 HP:41(41) Pw:10(10) AC:2 Xp:4/93 T:1082 Latest messages: What do you want to drop? [$a-ehik-npquwx or ?*] You drop a pair of riding gloves (unpaid, 90 zorkmids). What do you want to drop? [$a-ehik-npqux or ?*] You drop a pair of riding gloves (unpaid, 100 zorkmids). You see here an elven dagger (for sale, 6 zorkmids). You see here an orcish chain mail (for sale, 113 zorkmids). You see here a +0 cloak of protection (for sale, 75 zorkmids). You see here a scale mail (for sale, 68 zorkmids). You see here a leather armor (for sale, 8 zorkmids). What do you want to drop? [$a-ehik-npqu or ?*] You drop 26 uncursed +0 ya. Nallihan offers 52 gold pieces for your ya. Sell them? [ynaq] (n) You sold 26 uncursed +0 ya for 52 gold pieces. What do you want to drop? [$a-cehik-npqu or ?*] You drop a blessed +0 yumi. Nallihan offers 30 gold pieces for your yumi. Sell it? [ynaq] (n) You sold a blessed +0 yumi for 30 gold pieces. What do you want to drop? [$abehik-npqu or ?*] You drop an uncursed +0 wakizashi. Nallihan offers 5 gold pieces for your wakizashi. Sell it? [ynaq] (n) You sold an uncursed +0 wakizashi for 5 gold pieces. A cursed -1 pair of gloves called fumble? (being worn) for 75 zorkmids. Pay? [yn] (n) You bought a cursed -1 pair of gloves called fumble? (being worn) for 75 gold pieces. "Thank you for shopping in Nallihan's used armor dealership!" You do not owe Nallihan anything. You do not owe Nallihan anything. Ouch! You bump into a door. Ouch! You bump into a door. Ouch! You bump into a door. Ouch! You bump into a door. Ouch! You bump into a door. Ouch! You bump into a door. Ouch! You bump into a door. Ouch! You bump into a door. In what direction? The door resists! In what direction? The door opens. You hit the homunculus! The homunculus misses! You kill the homunculus! # Are you sure you want to pray? [yn] (n) You begin praying to Amaterasu Omikami. You are surrounded by a shimmering light. You finish your prayer. You feel that Amaterasu Omikami is well-pleased. # Really quit? [yn] (n) Do you want your possessions identified? [ynq] (y) Inventory: Coins ('$') $ - 22 gold pieces Weapons (')') a - an uncursed +0 katana (weapon in right hand) Armor ('[') k - a blessed +1 orcish helm (being worn) u - a cursed -1 pair of gauntlets of fumbling (being worn) e - an uncursed rustproof +0 splint mail (being worn) Comestibles ('%') q - an uncursed tripe ration Scrolls ('?') p - an uncursed scroll of magic mapping m - an uncursed scroll of scare monster l - an uncursed scroll of teleportation Potions ('!') n - 2 blessed potions of healing Gems/Stones ('*') h - an uncursed worthless piece of black glass i - an uncursed worthless piece of yellow glass Misanthrope the Samurai's attributes: Background: You were a Ronin, a level 4 male human Samurai. You were lawful, on a mission for Amaterasu Omikami who was opposed by Raijin (neutral) and Susanowo (chaotic). You were right-handed. You were in the Dungeons of Doom, on level 2. You entered the dungeon 1082 turns ago. It was nighttime. You had 93 experience points, 67 more were needed to attain level 5. Basics: You had all 41 hit points. You had all 10 energy points (spell power). Your armor class was 2. Your wallet contained 22 zorkmids. Autopickup was off. Final Characteristics: Your strength was 13 (limit:18/100). Your dexterity was 15 (limit:18). Your constitution was 18 (limit:18). Your intelligence was 13 (limit:18). Your wisdom was 9 (limit:18). Your charisma was 7 (limit:18). Final Status: You fumbled. You weren't hungry. You were unencumbered. You were wielding a long sword. You had basic skill with long sword. Final Attributes: You were devoutly aligned. You were warded. You were fast. You survived. Miscellaneous: You never encountered a bones level. Total elapsed playing time was 22 minutes and 44 seconds. Major events: Turn 1: misanthrope the lawful male human Samurai entered the dungeon 914: attained the rank of Ronin (level 3) 1082: quit Vanquished creatures: a small mimic a little dog a homunculus 2 giant rats 2 yellow molds a gnome zombie a gecko 2 jackals a fox 2 goblins a sewer rat 5 grid bugs 2 lichens a kobold zombie 2 newts 25 creatures vanquished. No species were genocided or became extinct. Voluntary challenges: You read items or engraved 1 time. You never engraved Elbereth. You never genocided any monsters. You never polymorphed an object. You never changed form. You used no wishes. Achievements: You attained the rank of Ronin. You entered a shop. The Dungeons of Doom: levels 1 to 3 Level 1: A sink. Level 2: <- You were here. An armor shop. Level 3: Sayonara misanthrope the Samurai... You quit in The Dungeons of Doom on dungeon level 2 with 534 points, and 22 pieces of gold, after 1082 moves. You were level 4 with a maximum of 41 hit points when you quit.